 Dungeon Crawl Stone Soup version bcrawl-1.14 (webtiles) character file.

Game seed: 10118125803886106462

5791 Revguard the Carver (level 10, -1/90 HPs)
             Began as a Minotaur Archaeologist on Sept 6, 2019.
             Was a Follower of Makhleb.
             Slain by Prince Ribbit (8 damage)
             ... on level 8 of the Dungeon.
             The game lasted 00:22:43 (6515 turns).

Revguard the Carver (Minotaur Archaeologist)        Turns: 6515, Time: 00:22:43

Health: -1/90      AC: 22    Str: 21    XL:     10   Next: 50%
Magic:  13/13      EV:  9    Int: 11    God:    Makhleb [*.....]
Gold:   487        SH:  3    Dex: 11    Spells: 9/9 levels left

rFire    . . .     SeeInvis .   f - +11 plutonium sword {*Contam Stlth-}
rCold    . . .     Gourm    .   (shield currently unavailable)
rNeg     + . .     Faith    .   x - +1 plate armour
rPois    .         Spirit   .   c - +1 hat
rElec    .         Reflect  .   m - +0 cloak
rCorr    .         Harm     .   v - +0 pair of gloves
MR       .....                  d - +1 pair of boots
Stlth    ..........             (no amulet)
HPRegen  0.25/turn              k - ring of positive energy
MPRegen  0.13/turn              E - +4 ring of strength

@: starving
A: retaliatory headbutt, horns 2
a: Renounce Religion


You were on level 8 of the Dungeon.
You worshipped Makhleb.
Makhleb was aware of your devotion.
You were starving.

You visited 2 branches of the dungeon, and saw 9 of its levels.

You collected 512 gold pieces.
You donated 25 gold pieces to Zin.

Inventory:

Hand Weapons
 f - the +11 plutonium sword (weapon) {*Contam Stlth-}

   It causes magical contamination when unequipped.
   It makes you less stealthy.
Armour
 c - a +1 hat (worn)
 d - a +1 pair of boots (worn)
 m - a +0 cloak (worn)
 v - a +0 pair of gloves (worn)
 x - a +1 plate armour (worn)
Jewellery
 e - an uncursed ring of fire
 k - a ring of positive energy (left hand)
 z - an uncursed ring of positive energy
 A - an uncursed ring of insulation
 E - a +4 ring of strength (right hand)
Wands
 l - a wand of disintegration (9)
 s - a wand of iceblast (15)
Scrolls
 h - 2 scrolls of teleportation
 n - 5 scrolls of remove curse
 o - a scroll of magic mapping
 p - 5 scrolls of enchant armour
 r - 3 scrolls of fear
 u - 2 scrolls of immolation
 C - a scroll of amnesia
 F - a scroll of enchant weapon
Potions
 j - a potion of cancellation
 t - a potion of heal wounds
 w - a potion of brilliance
 G - a potion of flight
Comestibles
 g - 16 rations {!d}


   Skills:
 + Level 8.4 Fighting
 * Level 12.9 Long Blades
   Level 2.0 Maces & Flails
 + Level 11.0 Armour
 * Level 6.0 Dodging
 - Level 2.6 Stealth
 * Level 5.9 Invocations


You had 9 spell levels left.
You didn't know any spells.
Your spell library contained the following spells:

 Spells                   Type           Power        Failure   Level  Hunger
 Apportation              Tloc           #.....       99%         1    ##.....
 Infusion                 Chrm           #.......     99%         1    ##.....
 Magic Dart               Conj           #...         99%         1    ##.....
 Sandblast                Erth           #.....       99%         1    ##.....
 Slow                     Hex            #.......     99%         1    ##.....
 Summon Butterflies       Summ           #.......     99%         1    ##.....
 Searing Ray              Conj           #.....       100%        2    ###....
 Iskenderun's Mystic Bla  Conj           #.......     100%        3    ####...
 Fulminant Prism          Conj/Hex       #.........   100%        4    #####..
 Irradiate                Conj/Tmut      #.........   100%        5    ######.


Dungeon Overview and Level Annotations

Branches:
Dungeon (8/12)             Temple (1/1) D:7            Lair (0/6) D:7
    Orc: D:8-11

Altars:
Cheibriados
Dithmenos
Elyvilon
Fedhas
Gozag
Hepliaklqana
Kikubaaqudgha
Lugonu
Makhleb
Nemelex Xobeh
Okawaru
Qazlal
Ru
Sif Muna
Trog
Vehumet
Wu Jian
Zin
The Shining One

Shops:
D:5 [   D:8 [

Annotations:
D:8 Prince Ribbit


Innate Abilities, Weirdness & Mutations

You reflexively headbutt those who attack you in melee.
You have a pair of horns on your head.


Message History

You destroy the wraith!
Makhleb accepts your kill.
You feel better.
Your Dodging skill increases to level 6!
Prince Ribbit blinks!
The phantom blinks!
Prince Ribbit hops awkwardly around.
Prince Ribbit closely misses you.
There is an open door here.
You miss Prince Ribbit. Your headbutt misses Prince Ribbit.
You block Prince Ribbit's attack. Prince Ribbit misses you.
You closely miss Prince Ribbit. Your headbutt misses Prince Ribbit.
Prince Ribbit hits you!
* * * LOW HITPOINT WARNING * * *
You completely miss Prince Ribbit. Your headbutt misses Prince Ribbit.
Prince Ribbit winks and puckers his lips.
Prince Ribbit hits you!
* * * LOW HITPOINT WARNING * * *
Prince Ribbit hits you!
You die...

#### #... #.#. #.#. .. #####
##### #.#. ... .[.# #...# #.#.
##.## #..# #.# #.#. ..... #..#
#@# ###########.#.
......#..#####F#....#........#.
......#.D.....W.....#.########[
.._.c..$###.......W.#.#.<....#.
......#.# #.........#∩....^#.#.
..... #c###.........#......# #.
.... #W.##.........#...#..#.#.
##.####..##.........#.....#....
.........##.........+........#.


You could see Prince Ribbit and a phantom.

Vanquished Creatures
  A troll (D:6)
  Grinder (D:3)
  2 hippogriffs
  A wraith (D:8)
  The ghost of acidapple the Poker, an amateur OnSk (D:3)
  5 porcupines (D:7)
  3 orc warriors (D:7)
  A sky beast (D:7)
  A phantom (D:7)
  A necrophage (D:6)
  2 black bears (D:7)
  3 centaurs
  2 ogres (D:7)
  A crocodile (D:7)
  A bullfrog (D:6)
  3 scorpions (D:7)
  3 killer bees (D:7)
  3 wights (D:7)
  2 howler monkeys (D:7)
  2 crimson imps
  4 jellies
  2 orc priests
  2 hounds (D:6)
  6 orc wizards
  4 worker ants
  A hound skeleton (D:7)
  A howler monkey zombie (D:6)
  5 adders
  3 oozes
  An adder skeleton (D:4)
  2 worms
  2 dart slugs (D:1)
  4 adder simulacra (D:3)
  2 leopard geckos
  26 orcs
  A giant cockroach (D:2)
  3 goblins
  8 hobgoblins
  16 jackals
  9 kobolds
  4 quokkas
  3 ball pythons (D:3)
  A bat (D:1)
  A jackal simulacrum (D:3)
  A leopard gecko skeleton (D:4)
  2 quokka simulacra (D:3)
  2 rats
155 creatures vanquished.

Vanquished Creatures (others)
  8 fungi (D:7)
  A plant (D:7)
9 creatures vanquished.

Grand Total: 164 creatures vanquished

Notes
Turn   | Place    | Note
-------+----------+-------------------------------------------
     0 | D:1      | Revguard the Minotaur Archaeologist began the quest for the
                  | Orb.
     0 | D:1      | Reached XP level 1. HP: 16/16 MP: 0/0
   212 | D:1      | Reached XP level 2. HP: 19/24 MP: 1/1
   671 | D:2      | Reached XP level 3. HP: 29/29 MP: 2/2
   929 | D:2      | Found a snail-covered altar of Cheibriados.
   964 | D:2      | Found a glowing silver altar of Zin.
  1058 | D:2      | Reached skill level 1 in Armour
  1268 | D:2      | Reached skill level 1 in Long Blades
  1393 | D:2      | Reached XP level 4. HP: 35/37 MP: 3/3
  1452 | D:3      | Found a runed translucent gate.
  1452 | D:3      | Found a runed translucent gate.
  1453 | D:3      | Noticed Grinder
  1485 | D:3      | Paralysed by Grinder for 4 turns
  1498 | D:3      | Paralysed by Grinder for 3 turns
  1505 | D:3      | Killed Grinder
  1505 | D:3      | Reached skill level 7 in Long Blades
  1505 | D:3      | Reached XP level 5. HP: 7/42 MP: 4/4
  1505 | D:3      | Reached XP level 6. HP: 9/50 MP: 5/5
  1770 | D:3      | Found a runed translucent gate.
  1846 | D:3      | Reached skill level 8 in Long Blades
  2173 | D:3      | Noticed acidapple's ghost (amateur OnSk)
  2238 | D:3      | Found a sparkling altar of Nemelex Xobeh.
  2286 | D:3      | Found a white marble altar of Elyvilon.
  2497 | D:3      | Found an opulent altar of Gozag.
  2748 | D:3      | Killed acidapple's ghost
  2748 | D:3      | Reached XP level 7. HP: 20/57 MP: 6/6
  2845 | D:2      | Became a worshipper of Zin the Law-Giver
  2845 | D:2      | Reached * piety under Zin
  2847 | D:2      | Fell from the grace of Zin
  2938 | D:4      | Reached skill level 9 in Long Blades
  3133 | D:4      | Found a shimmering blue altar of Sif Muna.
  3886 | D:5      | Entered Level 5 of the Dungeon
  4112 | D:5      | Found Ibrof's Antique Armour Shoppe.
  4236 | D:6      | Reached skill level 10 in Long Blades
  4236 | D:6      | Reached XP level 8. HP: 66/66 MP: 7/7
  4256 | D:6      | Noticed a troll
  4264 | D:6      | Killed a troll
  4264 | D:6      | Reached skill level 5 in Dodging
  4347 | D:6      | Noticed a hippogriff
  4354 | D:6      | Killed a hippogriff
  4354 | D:6      | Reached skill level 11 in Long Blades
  4470 | D:6      | Found a stormy altar of Qazlal.
  4636 | D:6      | Found an iron altar of Okawaru.
  4644 | D:6      | Reached skill level 5 in Armour
  4665 | D:6      | Found a burning altar of Makhleb.
  4673 | D:6      | Became a worshipper of Makhleb the Destroyer
  4988 | D:7      | Reached skill level 10 in Armour
  4988 | D:7      | Reached skill level 5 in Invocations
  4988 | D:7      | Reached XP level 9. HP: 45/81 MP: 7/12
  5088 | D:7      | Paralysed by the wrath of Zin for 3 turns
  5302 | D:7      | Found a staircase to the Ecumenical Temple.
  5333 | D:7      | Reached skill level 12 in Long Blades
  5333 | D:7      | Reached XP level 10. HP: 60/88 MP: 13/13
  5336 | D:7      | Paralysed by the wrath of Zin for 4 turns
  5366 | Temple   | Entered the Ecumenical Temple
  5658 | D:7      | Found a staircase to the Lair.
  5664 | D:7      | Reached * piety under Makhleb
  6233 | D:7      | Found a sacrificial altar of Ru.
  6363 | D:8      | Found Kitosch's Armour Shop.
  6479 | D:8      | Noticed a four-headed hydra
  6484 | D:8      | Found a corrupted altar of Lugonu.
  6487 | D:8      | Noticed Prince Ribbit
  6515 | D:8      | Slain by Prince Ribbit

Skill      XL: |  1  2  3  4  5  6  7  8  9 10 |
---------------+-------------------------------+-----
Fighting       | 2 3 8 |  8.4
Dodging        | 4 5 6 |  6.0
Maces & Flails | 2 |  2.0
Armour         | 1 3 4 10 11 | 11.0
Long Blades    | 1 7 8 10 11 12 | 12.9
Invocations    | 5 |  5.9
Stealth        | |  2.6

Action                   |  1- 3 |  4- 6 |  7- 9 | 10-12 || total
-------------------------+-------+-------+-------+-------++-------
Melee: Whip              |   131 |     6 |       |       ||   137
       Headbutt          |    12 |    16 |    13 |    10 ||    51
       Flail             |       |    80 |       |       ||    80
       Falchion          |       |    46 |       |       ||    46
       Triple sword      |       |     9 |    97 |    68 ||   174
Throw: Throwing net      |       |       |       |     1 ||     1
Invok: Renounce Religion |       |       |     1 |       ||     1
Evoke: Wand              |       |       |       |     1 ||     1
  Use: Potion            |       |     3 |     3 |     1 ||     7
       Scroll            |       |     9 |       |     5 ||    14
 Stab: Distracted        |       |       |     1 |       ||     1
  Eat: Chunk             |     2 |     4 |     8 |     2 ||    16
Armor: Chain mail        |   104 |       |       |       ||   104
       Robe              |     2 |       |       |       ||     2
       Plate armour      |     5 |    99 |   110 |    60 ||   274
Dodge: Dodged            |    79 |    32 |    74 |    49 ||   234
Block: Other             |       |       |    20 |    11 ||    31
